 Dungeon Sprint DCSS version 0.22-a0-358-g7563fe7 (webtiles) character file.

89 KristoblXynda the Covert (level 4, -1/18 HPs)
             Began as a Felid Enchanter on Apr 18, 2018.
             Was an Initiate of Dithmenos.
             Slain by a queen bee (9 damage)
             ... in the Dungeon (Sprint IV: "Fedhas' Mad Dash").
             The game lasted 00:02:05 (582 turns).

KristoblXynda the Covert (Felid Enchanter)           Turns: 582, Time: 00:02:05

Health: -1/18      AC:  1    Str:  5    XL:     4   Next: 31%
Magic:  2/8        EV: 22    Int: 17    God:    Dithmenos [......]
Gold:   55         SH:  0    Dex: 16    Spells: 1/7 levels left
                                        Lives:  0   Deaths: 1

rFire    . . .     SeeInvis +     - Unarmed
rCold    . . .     Gourm    .   (shield unavailable)
rNeg     . . .     Faith    .   (armour unavailable)
rPois    .         Spirit   .   (helmet unavailable)
rElec    .         Reflect  .   (cloak unavailable)
rCorr    .         Harm     .   (gloves unavailable)
MR       .....     NoTele   +   (boots unavailable)
Stlth    +++++.....             g - amulet of invisibility {+Inv}
HPRegen  0.06/turn              a - +4 ring of evasion
MPRegen  0.11/turn              (no ring)

@: lethally poisoned (-1 -> -12), quick
A: very small, no armour, no weapons or thrown items, stealth, claws 1, fangs 3,
see invisible, carnivore, speed 1, shaggy fur 1, slow metabolism 1, sharp paws
a: Renounce Religion, Evoke Invisibility


You were in the Dungeon.
You worshipped Dithmenos.
Dithmenos was noncommittal.
You were not hungry.

You visited 1 branch You collected 55 gold pieces.

Inventory:

Jewellery
 a - a +4 ring of evasion (left paw)
 g - the amulet of invisibility (around neck) {+Inv}
   (You found it in the Dungeon)

   [amulet of nothing]

   It lets you turn invisible.
Potions
 f - 2 potions of magic
Comestibles
 b - a ration


   Skills:
 - Level 2.6 Dodging
 + Level 9.6 Stealth
 + Level 6.1 Unarmed Combat
 - Level 2.0 Spellcasting
 - Level 9.3 Hexes
 + Level 2.0 Invocations
 + Level 2.2 Evocations


You had one spell level left.
You knew the following spells:

 Your Spells              Type           Power        Failure   Level  Hunger
a - Corona                Hex            ####...      1%          1    #......
b - Confuse               Hex            ####....     1%          3    ###....
c - Ensorcelled Hibernat  Hex/Ice        ###...       4%          2    ###....


Dungeon Overview and Level Annotations

Branches:
Dungeon (1/1)

Altars:
Cheibriados
Dithmenos
Elyvilon
Gozag
Hepliaklqana
Kikubaaqudgha
Makhleb
Nemelex Xobeh
Okawaru
Qazlal
Ru
Sif Muna
Trog
Uskayaw
Vehumet
Wu Jian
Xom
Yredelemnul
Zin
The Shining One
Beogh
Jiyva
Lugonu


Innate Abilities, Weirdness & Mutations

You cannot wear armour.
You are incapable of wielding weapons or throwing items.
Your paws allow you to move quietly. (Stealth)
You have sharp claws.
You have razor-sharp teeth.
You have supernaturally acute eyesight. (SInv)
You are carnivorous and can eat meat at any time.
You cover ground quickly.
You are covered in fur. (AC +1)
You have a slow metabolism.
Your sharp claws are effective at attacking unaware monsters.


Message History

You feel sick.
Casting: Confuse (safe; 1% risk of failure)
Confirm with . or Enter, or press ? or * to list all spells.
Aiming: Confuse (safe; 1% risk of failure)
Press: ? - help, Shift-Dir - straight line, f - queen bee
Aim: a queen bee (chance to defeat MR: 62%)
The queen bee resists with significant effort.
You feel sick.
You feel sick.
You feel sick.
There is an open door, spattered with blood here.
Casting: Confuse (safe; 1% risk of failure)
Confirm with . or Enter, or press ? or * to list all spells.
Aiming: Confuse (safe; 1% risk of failure)
Press: ? - help, Shift-Dir - straight line, f/p - queen bee
Aim: a queen bee (chance to defeat MR: 62%)
The queen bee resists with significant effort.
You feel sick. The queen bee stings you!
Ouch! That really hurt!
You die...

######################
#<..P#÷....#.....#.⌠._
#PP..@y....'.#().'.._.
#PPPP#.....#.#y..#..._
###############'##.._.
♣.......†'...#._._
y.y..♣.....#...#####
.y. ♣..♣..###### +
#+#####


You could see a queen bee.

Vanquished Creatures
  A killer bee (D)
  3 oklob saplings (D)
  A worker ant (D)
  A river rat (D)
  A rat (D)
7 creatures vanquished.

Notes
Turn   | Place    | Note
-------+----------+-------------------------------------------
     0 | D        | KristoblXynda the Felid Enchanter began the quest for the Orb.
     0 | D        | Reached XP level 1. HP: 7/7 MP: 4/4
    10 | D        | Reached skill level 5 in Stealth
    10 | D        | Reached skill level 5 in Hexes
    10 | D        | Reached XP level 2. HP: 11/11 MP: 6/6
    59 | D        | Noticed an oklob sapling
    60 | D        | Killed an oklob sapling
    60 | D        | Reached XP level 3. HP: 13/14 MP: 7/7
    85 | D        | Learned a level 3 spell: Confuse
    88 | D        | Learned a level 2 spell: Ensorcelled Hibernation
    90 | D        | Found the amulet of invisibility {+Inv}
   207 | D        | Noticed an oklob sapling
   212 | D        | Killed an oklob sapling
   212 | D        | Reached XP level 4. HP: 18/18 MP: 4/8
   252 | D        | Found an opulent altar of Gozag.
   252 | D        | Found a hazy altar of Hepliaklqana.
   252 | D        | Found a roughly hewn altar of Beogh.
   252 | D        | Found a snail-covered altar of Cheibriados.
   253 | D        | Found a viscous altar of Jiyva.
   253 | D        | Found a burning altar of Makhleb.
   253 | D        | Found a sparkling altar of Nemelex Xobeh.
   253 | D        | Found a sacrificial altar of Ru.
   253 | D        | Found a deep blue altar of Sif Muna.
   253 | D        | Found a bloodstained altar of Trog.
   253 | D        | Found an ornate altar of the Wu Jian Council.
   253 | D        | Found a shimmering altar of Xom.
   253 | D        | Found a basalt altar of Yredelemnul.
   255 | D        | Found an iron altar of Okawaru.
   255 | D        | Found a shadowy altar of Dithmenos.
   255 | D        | Found a glowing silver altar of Zin.
   256 | D        | Found an ancient bone altar of Kikubaaqudgha.
   256 | D        | Found a hide-covered altar of Uskayaw.
   257 | D        | Found a stormy altar of Qazlal.
   257 | D        | Found a white marble altar of Elyvilon.
   257 | D        | Found a glowing golden altar of the Shining One.
   258 | D        | Found a corrupted altar of Lugonu.
   258 | D        | Found a radiant altar of Vehumet.
   267 | D        | Reached skill level 5 in Unarmed Combat
   271 | D        | Became a worshipper of Dithmenos the Shadowed
   299 | D        | Noticed a queen bee
   307 | D        | Reached XP level 5. HP: 21/21 MP: 6/9
   326 | D        | Slain by a killer bee
   327 | D        | Reached XP level 4. HP: -2/18 MP: 4/8
   582 | D        | Slain by a queen bee

Vault maps used:
D:        dungeon_sprint_fedhas

Skill      XL: |  1  2  3  4 |
---------------+-------------+-----
Stealth        | 5 6 7 9 |  9.6
Unarmed Combat | 2 3 4 6 |  6.1
Hexes          | 5 6 8 9 |  9.3
Invocations    | 2 |  2.0
Evocations     | 2 |  2.2
Dodging        | |  2.6
Spellcasting   | |  2.0

Action                   |  1- 3 |  4- 6 || total
-------------------------+-------+-------++-------
Melee: Unarmed           |     9 |    10 ||    19
       Bite              |       |     1 ||     1
 Cast: Confuse           |     1 |     5 ||     6
       Ensorcelled Hiber |       |     4 ||     4
  Use: Potion            |     1 |     3 ||     4
       Scroll            |       |     1 ||     1
 Stab: Sleeping          |     2 |     1 ||     3
       Confused          |     1 |     2 ||     3
Armor: Skin              |       |     1 ||     1
Dodge: Dodged            |     1 |    31 ||    32

Table legend:
 A = Spawn XP
 B = Non-spawn XP
 C = Spawn XP percentage of total XP
 D = Spawn monster count
 E = Non-spawn monster count
 F = Spawn count percentage of total count
 G = Total turns spent on level
                    A         B        C        D         E        F      G
               +---------+---------+-------+---------+---------+-------+---------
         Total |       0 |     254 |   0.0 |       0 |       7 |   0.0 |   582
               +---------+---------+-------+---------+---------+-------+---------
             D |       0 |     254 |   0.0 |       0 |       7 |   0.0 |   582
               +---------+---------+-------+---------+---------+-------+---------
